 Dungeon Crawl Stone Soup version 0.21.0-30-g47ce8e4 (webtiles) character file.

25325 komo4ek the Carver (level 12, -3/92 HPs)
             Began as a Demonspawn Gladiator on Jan 28, 2018.
             Was a Follower of Uskayaw.
             Slain by an ogre
             ... wielding a +0 giant club
             ... led by an orc warlord
              (13 damage)
             ... on level 2 of the Orcish Mines.
             The game lasted 00:58:09 (24236 turns).

komo4ek the Carver (Demonspawn Gladiator)          Turns: 24236, Time: 00:58:10

Health: -3/92      AC: 11    Str: 12 (14) XL:     12   Next: 88%
Magic:  20/20      EV: 13    Int:  9 (11) God:    Uskayaw [*.....]
Gold:   1506       SH:  0    Dex: 13 (15) Spells: 14/17 levels left

rFire    + + .     SeeInvis +   B - +0 great sword
rCold    x . .     Gourm    .   (shield currently unavailable)
rNeg     . . .     Faith    +   A - +1 scale mail "Ebosea Awka" {MR+++ Str-4 SInv Stlth+}
rPois    .         Spirit   .   (helmet restricted)
rElec    .         Reflect  .   (no cloak)
rCorr    .         Harm     .   g - +0 pair of gloves
MR       +++..                  x - +0 pair of boots
Stlth    +.........             U - amulet of faith
HPRegen  0.25/turn              S - ring of fire
MPRegen  0.17/turn              K - ring of see invisible

@: no status effects
A: horns 1, fire resistance 1, powered by pain 3, flame cloud immunity, sturdy
frame 3
a: Stomp, Renounce Religion


You were on level 2 of the Orcish Mines.
You worshipped Uskayaw.
Uskayaw was aware of your devotion.
You were very hungry.

You visited 3 branches of the dungeon, and saw 15 of its levels.
You also visited: Ossuary.

You collected 1701 gold pieces.
You spent 195 gold pieces at shops.

Inventory:

Hand Weapons
 B - a +0 great sword (weapon)
 R - a +0 scimitar
Missiles
 d - 3 throwing nets (quivered)
Armour
 g - a +0 pair of gloves (worn)
 t - a +1 chain mail of positive energy
 x - a +0 pair of boots (worn)
 A - the +1 scale mail "Ebosea Awka" (worn) {MR+++ Str-4 SInv Stlth+}
   (You found it on level 12 of the Dungeon)

   It affects your strength (-4).
   It affects your resistance to hostile enchantments.
   It lets you see invisible.
   It makes you more stealthy.
Jewellery
 o - an uncursed amulet of guardian spirit
 w - an uncursed ring of flight
 K - a ring of see invisible (right hand)
 S - a ring of fire (left hand)
 U - an amulet of faith (around neck)
Wands
 c - a wand of random effects (43)
 u - a wand of paralysis (1)
Scrolls
 b - 4 scrolls of amnesia
 e - 2 scrolls of magic mapping
 i - 3 scrolls of random uselessness {unknown}
 j - 4 scrolls of fog
 k - a scroll of remove curse
 l - 4 scrolls of fear {unknown}
 m - a scroll of immolation {unknown}
 n - 2 scrolls of blinking {unknown}
 p - 4 scrolls of noise {unknown}
 q - 9 scrolls of teleportation
 r - 2 scrolls of identify
 y - 3 scrolls of enchant weapon
 F - 2 scrolls of silence
 N - a scroll of holy word
Potions
 a - 2 potions of cancellation {unknown}
 h - a potion of might
 s - 5 potions of curing
 v - 3 potions of flight
 z - 2 potions of degeneration
 D - a potion of invisibility
 E - a potion of lignification
 H - a potion of brilliance {unknown}
 I - 3 potions of haste {unknown}
 M - 2 potions of magic
 O - a potion of resistance
 P - 2 potions of mutation {unknown}
Books
 G - a book of Air

   Spells                             Type                      Level
   a - Shock                          Conjuration/Air              1
   b - Swiftness                      Charms/Air                   2
   c - Static Discharge               Conjuration/Air              3
   d - Airstrike                      Air                          4
   e - Lightning Bolt                 Conjuration/Air              5
 J - a book of Misfortune

   Spells                             Type                      Level
   a - Confusing Touch                Hexes                        1
   b - Confuse                        Hexes                        3
   c - Gell's Gravitas                Translocation                3
   d - Petrify                        Transmutation/Earth          4
   e - Metabolic Englaciation         Hexes/Ice                    5
   f - Yara's Violent Unravelling     Hexes/Transmutation          5
 L - the Incunabulum of Sinister Rites and Dislocation
   (You found it on level 8 of the Dungeon)

   Spells                             Type                      Level
   a - Pain                           Necromancy                   1
   b - Shroud of Golubria             Charms/Translocation         2
   c - Blink                          Translocation                2
   d - Recall                         Summoning/Translocation      3
   e - Summon Forest                  Summoning/Translocation      5
   f - Malign Gateway                 Summoning/Translocation      7
 Q - Tiamivvi's Disquisition on Nocuous Lightness
   (You found it on level 1 of the Lair of Beasts)

   Spells                             Type                      Level
   a - Shock                          Conjuration/Air              1
   b - Sting                          Conjuration/Poison           1
   c - Ignite Poison                  Fire/Transmutation/Poison    3
   d - Venom Bolt                     Conjuration/Poison           5
   e - Lightning Bolt                 Conjuration/Air              5
   f - Alistair's Intoxication        Transmutation/Poison         5
 T - a book of Party Tricks

   Spells                             Type                      Level
   a - Summon Butterflies             Summoning                    1
   b - Apportation                    Translocation                1
   c - Lesser Beckoning               Translocation                3
   d - Tukima's Dance                 Hexes                        3
   e - Alistair's Intoxication        Transmutation/Poison         5
   f - Invisibility                   Hexes                        6
Comestibles
 f - 5 rations


   Skills:
 + Level 8.1 Fighting
 + Level 12.6 Long Blades
 + Level 4.9 Throwing
 + Level 7.5 Armour
 + Level 6.1 Dodging
 + Level 3.0 Spellcasting
 + Level 3.0 Charms
 + Level 11.7 Invocations


You had 14 spell levels left.
You knew the following spells:

 Your Spells              Type           Power        Failure   Level  Hunger
a - Shroud of Golubria    Chrm/Tloc      #.........   30%         2    ###....
b - Summon Butterflies    Summ           #.......     36%         1    ##.....


Dungeon Overview and Level Annotations

Branches:
Dungeon (12/15)            Temple (0/1) D:7            Lair (1/6) D:10
    Orc (2/2) D:11            Elf (0/3) Orc:2

Altars:
Ashenzari
Cheibriados
Elyvilon
Fedhas
Gozag
Makhleb
Okawaru
Qazlal
Uskayaw
Vehumet
Wu Jian
Xom
Zin
The Shining One
Beogh

Shops:
D:11 }   Orc:2 [(([

Annotations:
D:6 exclusion: statue
D:10 1 transporter


Innate Abilities, Weirdness & Mutations

You have a pair of small horns on your head.
Your flesh is heat resistant. (rF+)
You are powered by pain.
You are immune to clouds of flame.
Your movements are significantly less encumbered by armour. (ER -6)


Message History

The orc warlord hits you with a broad axe of chopping!!
* * * LOW HITPOINT WARNING * * *
You focus on the pain.
You feel your power returning.
* * * LOW HITPOINT WARNING * * *
Uskayaw will force your foes to helplessly watch your dance.
Your butterfly disappears in a puff of smoke!
Things that are here:
a leather armour; a hand axe Your butterfly disappears in a puff of smoke!
Things that are here:
a plate armour; a scimitar You can no longer pass through a line of other dancers.
There is a stone staircase leading down here.
You can't go up here!
You climb downwards.
There is a stone staircase leading up, spattered with blood here.
Things that are here:
an embroidered robe; a dagger The ogre hits you with a giant club!
You die...

...........#...........###...'[..
................###....##....#)..
...............####......#[..#)..
..#########......##......#...##..
..#)..'.[##..........######...##.
..'[8.#)[.#...#.......# ##..#..##
..#)..#...#.###.......###........
..#####.._#[##...O..####.......##
..#.8.....#.###.@<..#.#.........#
..#∩......#)(##......###...#...##
..#.8....##(....<.....#...###..#.
..#########[....[#.........##....
...............(#####[....###....
.........#.......###......###....
.........###.......[[..#..#....#.
.........# ###.....[<.##.......#.
.........#####...).)[.##.......##


You could see an ogre.

Vanquished Creatures
  A hydra (Lair:1)
  5 two-headed ogres
  The ghost of vishdafish the Poker, a novice DsSk of Nemelex Xobeh (D:12)
  An unseen horror (D:12)
  3 orc sorcerers
  2 ugly things (D:12)
  A deep elf mage (D:12)
  A cyclops (D:10)
  2 komodo dragons (Lair:1)
  4 trolls
  4 blink frogs (Lair:1)
  A hippogriff (D:7)
  Sigmund (D:3)
  A shadow (D:12)
  A wraith (D:10)
  3 yaks (D:11)
  2 hungry ghosts (D:12)
  4 vampire mosquitoes (D:12)
  Edmund (D:5)
  8 wargs
  A soldier ant (D:12)
  3 sky beasts
  A water moccasin (Lair:1)
  3 porcupines (Lair:1)
  2 phantoms
  39 orc warriors
  5 ice beasts
  2 eyes of draining
  3 black bears
  15 ogres
  6 centaurs
  3 crocodiles (Lair:1)
  3 big kobolds
  16 bullfrogs
  2 wyvern skeletons
  A scorpion (D:10)
  A water moccasin skeleton (D:10)
  4 killer bees (D:9)
  4 howler monkeys
  7 electric eels (D:10)
  8 crimson imps
  A bullfrog zombie (D:5)
  A gnoll shaman (D:5)
  A quasit (D:9)
  3 jellies
  21 orc priests
  Crazy Yiuf (D:5)
  2 bullfrog skeletons
  2 centaur zombies
  2 hounds
  Ijyb (D:3)
  28 orc wizards
  9 worker ants
  2 killer bee zombies
  A hound zombie (D:9)
  8 mummies (Ossuary)
  6 gnolls
  A worker ant zombie (D:10)
  16 adders
  A howler monkey skeleton (D:8)
  A river rat (D:6)
  2 shadow imps
  3 oozes
  5 adder skeletons
  2 worms
  3 dart slugs
  5 leopard geckos
  132 orcs
  3 giant cockroaches
  8 goblins
  6 hobgoblins
  4 jackals
  3 quokkas
  5 bats
  4 frilled lizards
  A giant cockroach zombie (D:5)
  2 goblin skeletons (D:9)
  6 hobgoblin zombies
  2 jackal skeletons
  19 kobolds
  A kobold skeleton (D:9)
  4 kobold zombies
  A leopard gecko skeleton (D:5)
  3 orc skeletons (D:9)
  4 orc zombies
  A quokka skeleton (D:5)
  A quokka zombie (D:6)
  6 rats
  A rat zombie (D:6)
521 creatures vanquished.

Vanquished Creatures (others)
  An orc (D:10)
  A quokka (D:3)
2 creatures vanquished.

Grand Total: 523 creatures vanquished

Notes
Turn   | Place    | Note
-------+----------+-------------------------------------------
     0 | D:1      | komo4ek the Demonspawn Gladiator began the quest for the Orb.
     0 | D:1      | Reached XP level 1. HP: 16/16 MP: 1/1
   213 | D:1      | Reached skill level 3 in Long Blades
   368 | D:1      | Gained mutation: You sometimes gain a little power by taking damage. [demonic ancestry]
   368 | D:1      | Reached XP level 2. HP: 22/22 MP: 2/2
  1078 | D:2      | Gained mutation: You sometimes gain power by taking damage. [demonic ancestry]
  1078 | D:2      | Reached XP level 3. HP: 27/27 MP: 3/3
  1090 | D:2      | Reached skill level 4 in Long Blades
  1280 | D:2      | Found a shattered altar of Ashenzari.
  1312 | D:2      | Found a snail-covered altar of Cheibriados.
  1611 | D:2      | Gained mutation: Your movements are slightly less encumbered by armour. (ER -2) [demonic ancestry]
  1611 | D:2      | Reached XP level 4. HP: 8/33 MP: 4/4
  1922 | D:3      | Reached skill level 5 in Long Blades
  1937 | D:3      | Noticed Ijyb
  1938 | D:3      | Noticed an ice beast
  1941 | D:3      | Paralysed by Ijyb for 4 turns
  1950 | D:3      | Paralysed by Ijyb for 3 turns
  1958 | D:3      | Paralysed by Ijyb for 6 turns
  2285 | D:3      | Gained mutation: You are powered by pain. [demonic ancestry]
  2285 | D:3      | Reached XP level 5. HP: 22/38 MP: 5/5
  2312 | D:3      | Killed Ijyb
  2803 | D:3      | Noticed Sigmund
  2838 | D:3      | Killed Sigmund
  2838 | D:3      | Reached skill level 6 in Long Blades
  2838 | D:3      | Reached XP level 6. HP: 44/44 MP: 6/6
  3286 | D:3      | Found a white marble altar of Elyvilon.
  3388 | D:3      | Killed an ice beast
  3388 | D:3      | Reached skill level 7 in Long Blades
  3388 | D:3      | Gained mutation: Your flesh is heat resistant. (rF+) [demonic ancestry]
  3388 | D:3      | Reached XP level 7. HP: 18/50 MP: 7/7
  3873 | D:3      | Found a blossoming altar of Fedhas.
  4620 | D:4      | Reached skill level 8 in Long Blades
  4676 | D:5      | Entered Level 5 of the Dungeon
  4922 | D:4      | Reached skill level 1 in Armour
  4922 | D:4      | Reached XP level 8. HP: 13/57 MP: 2/8
  5467 | D:5      | Reached skill level 9 in Long Blades
  5735 | D:5      | Found a stormy altar of Qazlal.
  5973 | D:5      | Found a burning altar of Makhleb.
  6034 | D:5      | Found a runed door.
  6157 | D:5      | Noticed Crazy Yiuf
  6167 | D:5      | Killed Crazy Yiuf
  6222 | D:6      | Found an iron altar of Okawaru.
  6227 | D:6      | Found an ornate altar of the Wu Jian Council.
  6523 | D:6      | Found a shimmering altar of Xom.
  6600 | D:6      | Found a sand-covered staircase.
  6619 | Ossuary  | Entered an ossuary
  7310 | D:6      | Found a radiant altar of Vehumet.
  7344 | D:6      | Gained mutation: You have a pair of small horns on your head. [demonic ancestry]
  7344 | D:6      | Reached XP level 9. HP: 64/65 MP: 6/9
  7412 | D:6      | Noticed Edmund
  7499 | D:5      | Killed Edmund
  7683 | D:6      | Reached skill level 10 in Long Blades
  8829 | D:7      | Reached skill level 5 in Fighting
  9062 | D:7      | Found a hide-covered altar of Uskayaw.
  9191 | D:7      | Became a worshipper of Uskayaw the Reveler
  9248 | D:7      | Reached * piety under Uskayaw
  9262 | D:7      | Found a staircase to the Ecumenical Temple.
  9431 | D:8      | Reached ** piety under Uskayaw
  9454 | D:8      | Reached *** piety under Uskayaw
  9473 | D:8      | Reached **** piety under Uskayaw
  9735 | D:8      | Identified the Incunabulum of Sinister Rites and Dislocation
  9747 | D:8      | Found a roughly hewn altar of Beogh.
  9753 | D:8      | Reached skill level 5 in Armour
  9757 | D:8      | Reached skill level 11 in Long Blades
  9919 | D:8      | Gained mutation: You are immune to clouds of flame. [demonic ancestry]
  9919 | D:8      | Reached XP level 10. HP: 74/74 MP: 10/10
 10401 | D:9      | Found a glowing golden altar of the Shining One.
 10536 | D:9      | Found an opulent altar of Gozag.
 10864 | D:9      | Found a glowing silver altar of Zin.
 11383 | D:10     | Entered Level 10 of the Dungeon
 11390 | D:10     | Noticed a two-headed ogre
 11966 | D:10     | Found a staircase to the Lair.
 12492 | D:10     | Reached skill level 1 in Invocations
 13579 | D:10     | Found a transporter.
 13782 | D:10     | Noticed a cyclops
 13793 | D:10     | Killed a cyclops
 13793 | D:10     | Reached skill level 5 in Invocations
 15495 | D:11     | Found a staircase to the Orcish Mines.
 15571 | D:11     | Noticed a two-headed ogre
 15579 | D:11     | Killed a two-headed ogre
 15591 | D:11     | Gained mutation: Your movements are less encumbered by armour. (ER -4) [demonic ancestry]
 15591 | D:11     | Reached XP level 11. HP: 52/81 MP: 10/17
 15868 | D:11     | Found Giufoxt's Gadget Shop.
 15898 | D:12     | Reached skill level 10 in Invocations
 15912 | D:12     | Noticed a two-headed ogre
 15918 | D:12     | Noticed a two-headed ogre
 15948 | D:12     | Noticed a deep elf mage
 15948 | D:12     | Noticed a two-headed ogre
 15954 | D:12     | Killed a deep elf mage
 15956 | D:12     | Killed a two-headed ogre
 16309 | D:12     | Noticed a purple ugly thing
 16324 | D:12     | Killed a purple ugly thing
 16327 | D:12     | Killed a two-headed ogre
 16340 | D:12     | Reached ***** piety under Uskayaw
 16352 | D:12     | Killed a two-headed ogre
 16485 | D:12     | Noticed a green ugly thing
 16487 | D:12     | Noticed vishdafish's ghost (novice DsSk)
 16504 | D:12     | Killed a green ugly thing
 16520 | D:12     | Killed vishdafish's ghost
 16520 | D:12     | Reached skill level 12 in Long Blades
 17104 | D:12     | Got a diamond-encrusted scale mail
 17121 | D:12     | Identified the cursed +1 scale mail "Ebosea Awka" {MR+++ Str-4 SInv Stlth+} (You found it on level 12 of the Dungeon)
 17145 | D:12     | Killed a two-headed ogre
 17145 | D:12     | Reached skill level 5 in Dodging
 17230 | D:12     | Noticed an unseen horror
 17246 | D:12     | Killed an unseen horror
 17619 | D:12     | Gained mutation: Your movements are significantly less encumbered by armour. (ER -6) [demonic ancestry]
 17619 | D:12     | Reached XP level 12. HP: 91/91 MP: 20/20
 17780 | D:12     | Learned a level 2 spell: Shroud of Golubria
 17812 | D:12     | Noticed a two-headed ogre
 17812 | D:12     | Noticed a two-headed ogre
 17813 | D:12     | Noticed a two-headed ogre
 18534 | Lair:1   | Entered Level 1 of the Lair of Beasts
 18696 | Lair:1   | Identified Tiamivvi's Disquisition on Nocuous Lightness
 18793 | Lair:1   | Learned a level 1 spell: Summon Butterflies
 19004 | Lair:1   | Noticed a seven-headed hydra
 19072 | Lair:1   | Killed a 20-headed hydra
 19072 | Lair:1   | Reached skill level 1 in Charms
 19302 | Lair:1   | Reached skill level 1 in Spellcasting
 19802 | Orc:1    | Entered Level 1 of the Orcish Mines
 20262 | Orc:1    | Found a roughly hewn altar of Beogh.
 20537 | Orc:2    | Entered Level 2 of the Orcish Mines
 20609 | Orc:2    | Found a roughly hewn altar of Beogh.
 20610 | Orc:2    | Found Kiumpec's Armour Boutique.
 21109 | Orc:2    | Found a staircase to the Elven Halls.
 21130 | Orc:2    | Found a roughly hewn altar of Beogh.
 21735 | Orc:2    | Found a roughly hewn altar of Beogh.
 21762 | Orc:2    | Found Xegylo's Antique Weapon Shoppe.
 21937 | Orc:2    | Found a roughly hewn altar of Beogh.
 22300 | Orc:2    | Found a roughly hewn altar of Beogh.
 22766 | Orc:2    | Noticed an orc warlord
 23800 | Orc:2    | Found Duvafyos's Antique Weapon Shoppe.
 23801 | Orc:2    | Found a roughly hewn altar of Beogh.
 23804 | Orc:2    | Found Monuiwn's Antique Armour Emporium.
 23816 | Orc:2    | Bought a great sword for 195 gold pieces
 24201 | Orc:1    | HP: 1/92 [orc warlord/broad axe of chopping (6)]
 24236 | Orc:2    | Slain by an ogre

Skill      XL: |  1  2  3  4  5  6  7  8  9 10 11 12 |
---------------+-------------------------------------+-----
Long Blades    | 3 4 5 6 7 8 9 11 12 | 12.6
Armour         | 1 3 5 6 7 |  7.5
Fighting       | 4 5 6 7 8 |  8.1
Dodging        | 3 4 5 6 |  6.1
Invocations    | 9 10 11 | 11.7
Throwing       | 3 4 |  4.9
Charms         | 3 |  3.0
Spellcasting   | 3 |  3.0

Action                   |  1- 3 |  4- 6 |  7- 9 | 10-12 || total
-------------------------+-------+-------+-------+-------++-------
Melee: Long sword        |   122 |   167 |   731 |   370 ||  1390
       Headbutt          |       |       |    63 |   276 ||   339
       Scimitar          |       |       |       |   751 ||   751
       Great sword       |       |       |       |    12 ||    12
 Cast: Summon Butterflie |       |       |       |     1 ||     1
Invok: Stomp             |       |       |       |    55 ||    55
       Line Pass         |       |       |       |     3 ||     3
Evoke: Wand              |       |       |       |    33 ||    33
  Use: Potion            |       |     6 |     1 |    11 ||    18
       Scroll            |       |       |     5 |    12 ||    17
 Stab: Paralysed         |       |       |     4 |    52 ||    56
       Confused          |       |       |       |     4 ||     4
  Eat: Chunk             |     2 |     3 |     8 |    27 ||    40
       Ration            |       |     1 |     4 |     9 ||    14
Armor: Leather armour    |     7 |       |       |       ||     7
       Scale mail        |    60 |    43 |       |     3 ||   106
       Skin              |       |     8 |       |       ||     8
       Chain mail        |       |    35 |   435 |   446 ||   916
Dodge: Dodged            |    78 |    67 |   363 |   638 ||  1146
       Rpst.: Long sword |    25 |    18 |   117 |    58 ||   218
       Scimitar          |       |       |       |   120 ||   120
       Great sword       |       |       |       |     1 ||     1
